 Dungeon Crawl Stone Soup version 0.28.0-53-g5a82cb258f (webtiles) character file.

Game seed: 947234153307365707

1129 Kranky the Skirmisher (level 8, -3/58 HPs)
             Began as an Octopode Fighter on June 20, 2022.
             Was a Follower of Okawaru.
             Slain by a hornet zombie (10 damage)
             ... in an ossuary.
             The game lasted 00:10:29 (4674 turns).

Kranky the Skirmisher (Octopode Fighter)            Turns: 4674, Time: 00:10:29

Health: -3/58      AC:  1    Str: 18    XL:     8   Next: 35%
Magic:  8/8        EV: 15    Int: 11    God:    Okawaru [*.....]
Gold:   487        SH: 11    Dex: 19    Spells: 7/7 levels left

rFire   + . .      SeeInvis .   k - +5 whip "Puxiexof" {vorpal, rF+ rN+ Str+3}
rCold   . . .      Faith    .   b - +0 buckler
rNeg    + + .      Spirit   .   (helmet restricted)
rPois   .          Reflect  +   h - amulet of reflection
rElec   .          Harm     .   d - +6 ring of dexterity
rCorr   .          Rampage  .   j - ring of willpower
Will    +....                   t - ring of wizardry
Stlth   ++++......              x - ring of positive energy
HPRegen 0.19/turn               (no ring)
MPRegen 0.11/turn               (no ring)
                                (no ring)
                                (no ring)

@: no status effects
A: almost no armour, amphibious, 8 rings, camouflage 1, gelatinous body 1,
(nimble swimmer 1), tentacles
a: Renounce Religion, Heroism


You were in an ossuary.
You worshipped Okawaru.
Okawaru was aware of your devotion.
You visited 2 branches of the dungeon, and saw 6 of its levels.
You also visited: Ossuary.

You collected 487 gold pieces.

Inventory:

Hand Weapons
 a - a +1 flail
 k - the +5 whip "Puxiexof" (weapon) {vorpal, rF+ rN+ Str+3}
   (You found it on level 2 of the Dungeon)

   It inflicts extra damage upon your enemies.
   Str:       It affects your strength (+3).
   rF:        It protects you from fire.
   rN:        It protects you from negative energy.
Missiles
 w - 4 poisoned darts (quivered)
Armour
 b - a +0 buckler (worn)
Jewellery
 d - a +6 ring of dexterity (left tentacle)
 h - an amulet of reflection (around mantle)
 j - a ring of willpower (right tentacle)
 t - a ring of wizardry (on tentacle)
 x - a ring of positive energy (on tentacle)
Wands
 u - a wand of iceblast (10)
Scrolls
 f - a scroll of fear {unknown}
Potions
 c - 2 potions of might
 e - 2 potions of heal wounds
 g - a potion of degeneration {unknown}
 m - a potion of ambrosia {unknown}
 o - 2 potions of magic
 q - 2 potions of cancellation
 r - a potion of curing {unknown}
 s - 2 potions of haste {unknown}
 v - a potion of lignification {unknown}


   Skills:
 + Level 6.7 Fighting
 + Level 5.8 Maces & Flails
 + Level 4.2 Dodging
 - Level 3.0 Stealth
 + Level 4.5 Shields


You had 7 spell levels left.
You didn't know any spells.
Your spell library contained the following spells:

 Spells                   Type           Power      Damage    Failure   Level
 Dazzling Flash           Conj/Hex       0%         N/A       45%         3
 Agony                    Necr           0%         N/A       99%         5
 Silence                  Hex/Air        0%         N/A       99%         5
 Orb of Destruction       Conj           0%         9d5       100%        7
 Summon Guardian Golem    Hex/Summ       Unusable   N/A       N/A         3
 Spellforged Servitor     Conj/Summ      Unusable   N/A       N/A         7

Dungeon Overview and Level Annotations

Branches:
Dungeon (5/15)             Temple (1/1) D:5         Ossuary (1/1)

Altars:
Ashenzari
Cheibriados
Dithmenos
Elyvilon
Gozag
Hepliaklqana
Kikubaaqudgha
Nemelex Xobeh
Okawaru
Ru
Sif Muna
Trog
Uskayaw
Vehumet
Xom
Zin
The Shining One

Shops:
D:2 =

Annotations:
D:2 Sigmund


Innate Abilities, Weirdness & Mutations

You cannot wear most types of armour.
You are amphibious.
You can wear up to eight rings at the same time.
Your skin changes colour to match your surroundings (Stealth+).
Your rubbery body absorbs attacks. (AC +1, EV +1)
((You are camouflaged when in or above water. (Stealth+)))
You have tentacles for arms and can constrict up to eight enemies at once.


Message History

The howler monkey zombie is severely damaged.
You constrict the howler monkey zombie. The howler monkey zombie misses you.
You hit the howler monkey zombie.
You destroy the howler monkey zombie!
Okawaru accepts your kill.
A mummy comes into view.
You open the door.
A hornet zombie comes into view.
You catch the helpless mummy completely off-guard!
You hit the mummy but do no damage. You grab the mummy. You squeeze the mummy.
The mummy is moderately damaged.
You constrict the mummy. You hit the mummy.
The mummy is severely damaged.
You constrict the mummy. The hornet zombie misses you.
The mummy closely misses you.
You hit the mummy. You tentacle-slap the mummy.
The mummy is almost destroyed.
You constrict the mummy.
The hornet zombie completely misses you.
You hit the mummy.
You destroy the mummy!
Okawaru accepts your kill. The hornet zombie hits you.
You are too injured to fight recklessly!
You are too injured to fight recklessly!
You are too injured to fight recklessly!
You are too injured to fight recklessly!
You hit the hornet zombie but do no damage.
Your grab misses the hornet zombie. You block the hornet zombie's attack.
You whack the hornet zombie! Your grab misses the hornet zombie.
The hornet zombie is lightly damaged.
The hornet zombie hits you!
The hornet zombie completely misses you.
You closely miss the hornet zombie. Your grab misses the hornet zombie.
The hornet zombie is lightly damaged.
The hornet zombie hits you!
* * * LOW HITPOINT WARNING * * *
The hornet zombie hits you!
You die...

##≈≈##≈#≈≈#≈≈
#≈##≈#≈#≈# ≈#
##≈≈#≈##≈≈#≈≈#
#.#.#P≈P≈.#P#
###'#.≈.#≈#.≈≈#'###
#.'.≈≈..≈≈≈≈.≈≈≈..≈
###.##≈##+##≈##≈≈##
#.'.#...# ..#
###@#.∩.# ..#
#.Z.#..∩# ..#
###.##### ### +..
#.## '.# #.# +.#
#.#


You could see a hornet zombie.

Vanquished Creatures
  Grinder (D:3)
  A black bear (D:2)
  An ogre (D:5)
  A scorpion (D:5)
  2 centaur zombies (Ossuary)
  A hound (D:4)
  An orc priest (D:4)
  2 bullfrog zombies (Ossuary)
  A jelly (D:4)
  8 mummies (Ossuary)
  2 iguanas (D:4)
  A killer bee zombie (Ossuary)
  Robin (D:3)
  3 howler monkey zombies (Ossuary)
  3 gnolls (D:4)
  7 adders
  An ufetubus (D:4)
  An adder skeleton (D:4)
  4 worms
  A dart slug (D:2)
  4 orcs
  10 endoplasms
  4 giant cockroaches
  18 goblins
  11 hobgoblins
  A jackal (D:4)
  6 quokkas
  5 ball pythons
  12 bats
  3 frilled lizards
  8 kobolds
  8 rats
133 creatures vanquished.

Vanquished Creatures (others)
  5 withered plants (Ossuary)
5 creatures vanquished.

Grand Total: 138 creatures vanquished

Notes
Turn   | Place    | Note
-------+----------+-------------------------------------------
     0 | D:1      | Kranky the Octopode Fighter began the quest for the Orb.
     0 | D:1      | Reached XP level 1. HP: 16/16 MP: 1/1
   131 | D:1      | Reached skill level 1 in Stealth
   175 | D:1      | Reached XP level 2. HP: 18/21 MP: 2/2
   614 | D:1      | Reached XP level 3. HP: 16/26 MP: 3/3
  1141 | D:2      | Found Ichauvy's Jewellery Shoppe.
  1158 | D:2      | Noticed a black bear
  1169 | D:2      | Killed a black bear
  1170 | D:2      | Reached skill level 5 in Fighting
  1170 | D:2      | Reached XP level 4. HP: 15/35 MP: 4/4
  1170 | D:2      | Reached XP level 5. HP: 16/39 MP: 5/5
  1375 | D:2      | Found a faded altar of an unknown god.
  1502 | D:2      | Noticed Sigmund
  1547 | D:2      | Identified the +5 whip "Puxiexof" {vorpal, rF+ rN+ Str+3}
  1677 | D:2      | Found a shadowy altar of Dithmenos.
  2066 | D:3      | Found a hide-covered altar of Uskayaw.
  2143 | D:3      | Noticed Grinder
  2150 | D:3      | Killed Grinder
  2151 | D:3      | Reached XP level 6. HP: 30/46 MP: 6/6
  2372 | D:3      | Noticed Robin
  2390 | D:3      | Killed Robin
  2851 | D:4      | Reached skill level 6 in Fighting
  2851 | D:4      | Reached XP level 7. HP: 47/52 MP: 7/7
  2921 | D:4      | Found a hazy altar of Hepliaklqana.
  4123 | D:5      | Entered Level 5 of the Dungeon
  4182 | D:5      | Found a staircase to the Ecumenical Temple.
  4190 | Temple   | Entered the Ecumenical Temple
  4411 | Temple   | Became a worshipper of Warmaster Okawaru
  4472 | D:5      | Found a sand-covered staircase.
  4542 | Ossuary  | Entered an ossuary
  4579 | Ossuary  | Reached skill level 5 in Maces & Flails
  4579 | Ossuary  | Reached XP level 8. HP: 53/58 MP: 8/8
  4589 | Ossuary  | Reached * piety under Okawaru
  4674 | Ossuary  | Slain by a hornet zombie

Illustrated notes

Levels and vault maps discovered:
D:1:      ncdulo_watergridlock, layout_basic
D:2:      minmay_diamond_boxcup, layout_loops_ring, basic_altar, serial_shops,
          shop, shapermc_ecumenical_altar_petra, uniq_sigmund
D:3:      layout_basic, mainiacjoe_overflow_paths, uniq_robin, uniq_grinder
D:4:      minmay_polygon_palace, layout_gridville,
          nicolae_overflow_crystal_walls
D:5:      layout_layer_cave, minmay_temple_entry_offerings,
          gammafunk_ghost_mausoleum, nicolae_ossuary_entry_false_entrances,
          wad_floor_pattern_1, grunt_decor_fettered
Temple:   regret_index_temple_generic_petals
Ossuary:  ossuary_zaba_flooded

Skill      XL: |  1  2  3  4  5  6  7 |
---------------+----------------------+-----
Stealth        | 1 2 3 |  3.0
Fighting       | 5 6 |  6.7
Maces & Flails | 3 5 |  5.8
Shields        | 4 |  4.5
Dodging        | 4 |  4.2

Action                   |  1- 3 |  4- 6 |  7- 9 || total
-------------------------+-------+-------+-------++-------
Melee: Flail             |    58 |    17 |       ||    75
       Constrict         |    11 |    21 |    26 ||    58
       Tentacles         |     7 |    12 |    26 ||    45
       Whip              |       |    76 |   102 ||   178
       Punch             |       |       |     5 ||     5
  Use: Scroll            |       |       |     7 ||     7
 Stab: Sleeping          |     9 |    14 |     9 ||    32
       Distracted        |       |       |     1 ||     1
Armor: Skin              |     7 |     4 |     1 ||    12
Dodge: Dodged            |    36 |    37 |    45 ||   118
Block: Buckler           |    16 |    45 |    25 ||    86
       Reflection        |     1 |     2 |     1 ||     4
